 Dungeon Crawl Stone Soup version 0.30.1-9-gdf580d7c3d (webtiles) character file.

Game seed: 7204062389579892420

51 Ivernyr the Shield-Bearer (level 4, 37/37 HPs)
             Began as a Formicid Fighter on Oct 6, 2023.
             Got out of the dungeon alive.
             The game lasted 00:02:32 (1214 turns).

Ivernyr the Shield-Bearer (Formicid Fighter)        Turns: 1214, Time: 00:02:32

Health: 37/37      AC:  7    Str: 20    XL:     4   Next: 7%
Magic:  4/4        EV:  9    Int:  8    God:
Gold:   82         SH:  5    Dex: 15    Spells: 3/3 levels left

rFire   . . .        a - +0 long sword
rCold   . . .        c - +0 buckler
rNeg    . . .        b - +0 scale mail
rPois   .            (helmet unavailable)
rElec   .            (no cloak)
rCorr   .            (no gloves)
SInv    +            (no boots)
Will    .....        (no amulet) Stlth
                     (no ring)
HPRegen 0.26/turn    (no ring)
MPRegen 0.09/turn

%: no passive effects
@: no status effects
A: permanent stasis, dig shafts and tunnels, antennae 3, four strong arms
a: Dig, Shaft Self


You escaped.
You visited 1 branch of the dungeon, and saw 2 of its levels.

You collected 82 gold pieces.

Inventory:

Hand Weapons
 a - a +0 long sword (weapon)
Armour
 b - a +0 scale mail (worn)
 c - a +0 buckler (worn)
Jewellery
 f - a ring of resist corrosion
Wands
 i - a wand of polymorph (10)
Scrolls
 j - 3 scrolls of identify {unknown}
 k - a scroll of teleportation {unknown}
 l - a scroll of magic mapping {unknown}
Potions
 d - 2 potions of might
 e - a potion of berserk rage {unknown}
 g - 3 potions of brilliance {unknown}
 h - 2 potions of attraction {unknown}


   Skills:
 + Level 3.7 Fighting
 * Level 3.0 Long Blades
 + Level 3.7 Armour
 + Level 4.5 Shields


You had 3 spell levels left.
You didn't know any spells.
Your spell library was empty.

Dungeon Overview and Level Annotations

Branches:
Dungeon (2/15)

Altars:


Innate Abilities, Weirdness & Mutations

You cannot be hasted, slowed, berserked, paralysed or teleported.
You can dig through walls and to a lower floor.
You have a pair of large antennae on your head. (SInv)
Your four strong arms can wield two-handed weapons with a shield.


Message History

The hobgoblin barely misses you.
You closely miss the hobgoblin.
The hobgoblin is lightly wounded.
The hobgoblin closely misses you.
The hobgoblin hits you but does no damage.
You closely miss the hobgoblin.
The hobgoblin is lightly wounded.
The hobgoblin hits you.
You hit the hobgoblin.
The hobgoblin is heavily wounded.
The frilled lizard bites you but does no damage.
The hobgoblin closely misses you.
You slash the hobgoblin!
You kill the hobgoblin!
The frilled lizard bites you but does no damage.
The frilled lizard bites you. The frilled lizard bites you.
You see here a hobgoblin corpse.
You hit the frilled lizard.
You kill the frilled lizard!
Your Long Blades skill increases to level 3!
Things that are here:
a +0 cloak; a frilled lizard corpse
(D) Dungeon
Where to? (Enter - D:2, ? - help)
What level of the Dungeon? (default 1, ? - help)
Found a stone staircase leading up.
There is a stone staircase leading up here.
You climb upwards.
There is a stone staircase leading down here.
You see here a +0 dagger.
There is an open door here.
There is an open door here.
You open the door.
There is an open door here.
There is an open door here.
There is an open door here.
There is a staircase leading out of the dungeon here.
Are you sure you want to leave the Dungeon?
This will make you lose the game!
You have escaped!

####..##.........#######.........
.................................
#############.##################.
..........(..................#.#.
.............................#.#.
####..###########..#######...#.#.
#..# ###..##### #...#.#. #..#####
#........###...#...
####......#####.@............#.#.
.......................###...#.#.
####..........#........# #...#.#.
#......###.####..#### #...#.#.
#......# #.# #..# #...#...
###...## #.# #).# #...#.##
######...####.####..######...#...
.............................####
.............................#


There were no monsters in sight!

Vanquished Creatures
  2 adders (D:2)
  A dart slug (D:1)
  A ball python (D:1)
  2 bats (D:1)
  2 endoplasms
  2 giant cockroaches (D:1)
  3 goblins
  6 hobgoblins
  3 kobolds (D:1)
  2 quokkas (D:2)
  A frilled lizard (D:2)
  3 rats (D:1)
28 creatures vanquished.

Notes
Turn   | Place    | Note
-------+----------+-------------------------------------------
     0 | D:1      | Ivernyr the Formicid Fighter began the quest for the Orb.
     0 | D:1      | Reached XP level 1. HP: 18/18 MP: 1/1
   251 | D:1      | Found a faded altar of an unknown god.
   268 | D:1      | Reached XP level 2. HP: 24/24 MP: 2/2
   649 | D:1      | Reached XP level 3. HP: 29/29 MP: 3/3
  1108 | D:2      | Reached XP level 4. HP: 33/37 MP: 4/4
  1214 | D:$      | Got out of the dungeon alive.

Illustrated notes

Levels and vault maps discovered:
D:1:      dpeg_arrival_boxes_within_box, layout_basic,
          hellmonk_ecumenical_altar_lost_god, nicolae_hexahallways
D:2:      layout_rooms, reono_crystal_passage

Skill      XL: |  1  2  3  4 |
---------------+-------------+-----
Long Blades    | 3 |  3.0
Fighting       | |  3.7
Armour         | |  3.7
Shields        | |  4.5

Action                     |  1- 3 |  4- 6 || total
---------------------------+-------+-------++-------
  Melee: Long sword        |    84 |     9 ||    93
 Armour: Scale mail        |    37 |     3 ||    40
  Dodge: Dodged            |    50 |     5 ||    55
  Block: Buckler           |    27 |     1 ||    28
